Map: Orbital Shipyard

Players

CombatEX - Winner!

  • Race: Zerg Zerg
  • League: Silver

Javert

  • Race: Zerg Zerg
  • League: Grandmaster

VOD

Have the link to the VOD?

Description

Time

  • Played on: Sept. 2, 2015, 12:28 a.m.
  • Length: 11:55
Show
View Real Time Build Order
Export as new Build Order

CombatEX Zerg - Winner!

Build Orders: Hatch First 

Get SALT Encoding   

  12  0:01  Drone  
  13  0:08  Drone  
  14  0:35  Hatchery  
  13  0:38  Drone  
  14  0:51  Extractor  
  14  0:52  Extractor  
  14  0:53  Drone x2  
  16  1:02  Spawning Pool  
  15  1:09  Overlord  
  15  1:30  Drone x3  
  18  1:34  Extractor  
  17  1:41  Drone  
  18  1:47  Overlord  
  18  1:50  Queen  
  18  1:53  Queen  
  22  2:00  Drone x2  
  24  2:04  Zergling x2  
  24  2:08  Zergling x2  
  26  2:13  Drone  
  28  2:22  Drone  
  28  2:35  Queen  
  28  2:36  Drone x3  
  33  2:40  Overlord  
  33  2:50  Metabolic Boost, Drone  
  34  3:00  Baneling Nest  
  34  3:01  Drone x3  
  34  3:04  Drone  
  37  3:07  Drone  
  36  3:38  Overlord x2  
  36  3:41  Drone  
  36  3:42  Drone x6  
  36  3:43  Hatchery  
  42  4:03  Extractor  
  42  4:05  Drone x3  
  42  4:06  Drone x4, Extractor x2  
  46  4:16  Overlord x2  
  46  4:27  Drone x2  
  48  4:34  Lair  
  48  4:36  Drone x5  
  53  4:42  Roach Warren  
  52  4:46  Drone  
  52  4:47  Evolution Chamber  
  52  4:52  Hatchery  
  51  5:03  Drone x5  
  51  5:04  Overlord  
  51  5:06  Overlord  
  56  5:14  Drone x5  
  59  5:16  Zerg Missile Weapons Level 1  
  59  5:18  Drone  
  62  5:21  Drone  
  62  5:27  Drone  
  62  5:28  Drone, Extractor  
  64  5:29  Extractor  
  64  5:32  Overseer  
  63  5:45  Drone x7  
  63  5:47  Hydralisk Den  
  69  5:50  Drone  
  69  5:53  Glial Reconstitution  
  69  5:56  Roach x2  
  74  6:02  Spine Crawler  
  73  6:05  Spine Crawler  
  73  6:06  Roach x3  
  73  6:07  Roach  
  73  6:09  Spine Crawler, Roach x2  
  73  6:10  Roach  
  85  6:14  Spine Crawler  
  85  6:16  Roach x2  
  88  6:18  Spine Crawler  
  88  6:23  Roach x4  
  89  6:33  Roach x4  
  95  6:44  Drone x3  
  95  6:45  Drone x5  
  101  6:48  Queen  
  101  7:06  Drone x3  
  104  7:19  Zerg Missile Weapons Level 2  
  104  7:20  Overlord x2  
  104  7:23  Muscular Augments  
  104  7:26  Burrow  
  104  7:38  Queen x2  
  102  8:05  Roach  
  104  8:06  Roach x8  
  104  8:07  Overlord x4  
  104  8:08  Overlord  
  114  8:23  Tunneling Claws  
  114  8:26  Roach  
  116  8:27  Roach x3  
  110  8:38  Roach x7  
  118  8:59  Ravager  
  118  9:01  Ravager x2  
  118  9:02  Roach x6  
  135  9:03  Roach x6  
  135  9:07  Hatchery  
  144  9:12  Hatchery  
  144  9:13  Roach x2  
  147  9:18  Hatchery  
  147  9:22  Hatchery  
  143  9:39  Overseer x2  
  143  9:40  Overseer  
  143  9:43  Overlord x6  
  143  9:52  Ravager  
  144  10:02  Ravager  
  95  10:23  Roach x2  
  95  10:24  Roach x19  
  112  10:32  Roach x2  
  112  10:33  Roach x3  
  122  10:43  Roach  
  122  10:44  Roach x9  
  122  10:46  Overseer  
  130  11:16  Roach x10  
  130  11:17  Roach x14  
  150  11:30  Roach x10  
Show
View Real Time Build Order
Export as new Build Order

Javert Zerg 

Build Orders: Pool First, Lurkers 

Get SALT Encoding   

  12  0:01  Drone  
  13  0:15  Overlord  
  13  0:20  Drone  
  14  0:34  Drone x2  
  16  0:38  Drone  
  17  0:46  Spawning Pool  
  17  0:48  Drone  
  17  0:57  Extractor  
  17  1:00  Drone  
  17  1:17  Hatchery  
  17  1:18  Drone  
  17  1:35  Roach Warren  
  17  1:38  Queen  
  18  1:42  Drone  
  19  1:49  Overlord  
  19  1:59  Drone  
  20  2:16  Roach x3  
  26  2:28  Roach  
  28  2:30  Queen  
  28  2:34  Drone  
  31  2:41  Drone x2  
  33  3:00  Hatchery  
  32  3:07  Roach x2  
  32  3:12  Overlord  
  36  3:19  Overlord  
  36  3:29  Overlord  
  36  3:42  Drone x6  
  36  3:43  Drone  
  43  3:55  Queen  
  45  3:57  Drone x3  
  45  4:00  Overlord  
  48  4:22  Extractor  
  48  4:23  Extractor  
  46  4:26  Drone x4  
  46  4:27  Drone x5, Extractor  
  54  4:40  Drone x4  
  54  4:42  Lair  
  58  4:50  Drone x3  
  61  5:01  Roach x5  
  61  5:02  Roach  
  73  5:12  Evolution Chamber  
  72  5:15  Evolution Chamber  
  72  5:16  Roach  
  73  5:30  Drone, Overlord  
  73  5:31  Overlord  
  74  5:38  Overlord x2  
  74  5:44  Glial Reconstitution  
  74  5:46  Overlord x2  
  74  5:52  Drone x6, Hydralisk Den  
  74  5:53  Drone x3  
  82  6:06  Zerg Missile Weapons Level 1, Zerg Ground Armor Level 1  
  82  6:08  Drone  
  82  6:09  Drone x5  
  82  6:10  Drone  
  89  6:11  Overseer  
  89  6:15  Overlord  
  87  6:32  Lurker Den  
  77  6:45  Drone  
  77  6:46  Drone x10  
  84  6:52  Roach x4  
  84  6:56  Extractor  
  84  6:57  Extractor  
  84  6:59  Drone x3  
  84  7:00  Drone x2  
  87  7:09  Ravager x2  
  87  7:10  Ravager x2  
  87  7:14  Roach x4  
  87  7:15  Roach x3  
  101  7:21  Spine Crawler  
  101  7:22  Spine Crawler  
  99  7:23  Spine Crawler, Roach x2  
  99  7:24  Roach  
  90  7:48  Roach  
  90  7:49  Roach x8  
  97  7:58  Roach x2  
  88  7:59  Roach x3  
  85  8:08  Roach x3  
  85  8:11  Burrow  
  80  8:21  Hydralisk x4  
  80  8:22  Hydralisk  
  82  8:33  Drone  
  82  8:34  Drone x6  
  85  8:41  Hydralisk x3  
  83  8:45  Queen  
  83  8:46  Zerg Missile Weapons Level 2  
  93  8:51  Drone  
  93  8:52  Drone  
  95  8:58  Lurker x2  
  97  9:07  Queen  
  97  9:09  Roach  
  103  9:10  Roach x6  
  103  9:16  Overseer  
  109  9:24  Hatchery, Extractor  
  109  9:25  Extractor  
  106  9:45  Lurker x2  
  108  9:46  Roach x6  
  120  9:56  Spine Crawler  
  120  9:59  Spine Crawler  
  102  10:23  Roach  
  102  10:24  Roach x12  
  122  10:46  Roach x7  
  104  11:22  Roach  
  90  11:32  Overlord x2  
  90  11:33  Roach  
  90  11:34  Roach x11  
Tags
 
Add a new tag
Caveats
  • Supply blocks, unpowered buildings, or Contaminate may cause inaccurate times.
  • Supply counts are checked every 10 seconds.